AoeStats
← tony le gros rou

Oasis

508270849Analyzed
4v4 RM · 10d ago on Sep 21, 2026· 29m 46s· 8 players
Game mode
Random Map
Map size
Large (8 player)
Population
200
Speed
Normal
Resources
Standard
Victory
Conquest
Starting age
Dark Age
Ending age
Imperial Age
RankedLock teamsTeams togetherTeam positionsShared explorationLock speedFull tech treeHidden civsTurbo modeCheats
Victory
Defeat
🇨🇳 Persians · China
1939
+3
🇨🇿 Poles · Czechia
1849
+4
🇷🇺 Maya · Russia
1744
+5
🇨🇳 Vikings · China
1735
+6
🇩🇪 Mapuche · Germany
1544
-5
🇫🇷 Portuguese · France
1525
-5
🇫🇷 Koreans · France
1523
-5
🇫🇷 Chinese · France
1417
-3
Velky kanec
5:52 Loom
8:54 Feudal Age
9:36 Double-Bit Axe
12:05 Horse Collar
20:27 Castle Age
18:49 Town Watch
20:58 Wheelbarrow
21:22 Heavy Plow
21:49 Bow Saw
25:27 Stone Mining
26:10 Fortified Wall
26:09 Gold Mining
30:53 Imperial Age
29:05 Bloodlines
28:55 Husbandry
30:10 Szlachta Privileges
Fresh To Death
0:29 Loom
11:13 Feudal Age
11:53 Double-Bit Axe
14:55 Castle Age
13:04 Horse Collar
15:55 Bow Saw
17:10 Heavy Plow
22:16 Wheelbarrow
22:21 Stone Mining
23:29 Hand Cart
23:32 Gold Mining
28:27 Imperial Age
26:24 Fletching
27:08 Ballistics
28:41 Bodkin Arrow
28:53 Thumb Ring
29:28 Conscription
30:36 Chemistry
29:37 Bracer
29:54 Padded Archer Armor
29:42 Elite Plumed Archer
啥牌子的
10:57 Feudal Age
14:53 Castle Age
13:11 Double-Bit Axe
14:19 Horse Collar
16:44 Heavy Plow
19:14 Bow Saw
22:20 Town Watch
24:27 Loom
26:45 Gold Mining
29:50 Imperial Age
28:43 Stone Mining
29:32 Gold Shaft Mining
29:52 Town Patrol
CNZS_Bad Koala
5:11 Loom
7:56 Feudal Age
8:58 Double-Bit Axe
11:39 Horse Collar
12:10 Town Watch
20:44 Castle Age
19:22 Scale Barding Armor
19:18 Gold Mining
21:53 Bow Saw
23:19 Husbandry
26:55 Heavy Plow
28:06 Wheelbarrow
p0n0n0
8:48 Loom
11:00 Feudal Age
15:09 Castle Age
13:50 Double-Bit Axe
14:11 Horse Collar
16:22 Bow Saw
17:47 Heavy Plow
20:41 Wheelbarrow
23:37 Stone Mining
26:43 Fletching
28:09 Bodkin Arrow
ccereal
6:13 Loom
8:36 Feudal Age
14:54 Fletching
18:18 Wheelbarrow
22:45 Castle Age
21:19 Horse Collar
21:30 Gold Mining
21:34 Double-Bit Axe
23:24 Bodkin Arrow
24:22 Crossbowman
tony le gros rou
0:25 Loom
8:47 Feudal Age
21:35 Castle Age
22:54 Bloodlines
22:44 Husbandry
24:30 Double-Bit Axe
25:36 Scale Barding Armor
25:41 Forging
25:21 Horse Collar
Flybidi
5:50 Loom
9:44 Feudal Age
21:12 Castle Age
19:25 Double-Bit Axe
19:22 Horse Collar
20:02 Gold Mining
20:42 Fletching
20:52 Padded Archer Armor
21:15 Crossbowman
21:58 Bodkin Arrow
23:46 Ballistics
23:54 Bow Saw
26:01 Wheelbarrow
Connection lost

Rejoining the realm…

Still unreachable

The connection could not be restored.

Session expired

The server has moved on; the page needs a fresh start.